 Dungeon Crawl Stone Soup version 0.32-a0-913-g739538afd8 (webtiles) character file.

Game seed: 10943235651534838101

1143 Doorstop00 the Cudgeller (level 8, 0/49 HPs)
             Began as a Gargoyle Fighter on Apr 8, 2024.
             Was a Follower of Okawaru.
             Incinerated by a bombardier beetle (2 damage)
             ... with a burning spray
             ... on level 7 of the Dungeon.
             The game lasted 00:14:39 (5316 turns).

Doorstop00 the Cudgeller (Gargoyle Fighter)         Turns: 5316, Time: 00:14:40

Health: 0/49       AC: 13    Str: 22    XL:     8   Next: 37%
Magic:  8/8        EV:  9    Int:  9    God:    Okawaru [*.....]
Gold:   33         SH:  6    Dex:  9    Spells: 7/7 levels left

rFire   + . .        a - +0 flail
rCold   . . .        e - +2 buckler
rNeg    + . .        b - +0 scale mail
rPois   ∞            (no helmet)
rElec   +            (no cloak)
rCorr   .            (no gloves)
SInv    .            (no boots)
Will    .....        j - amulet of magic regeneration
Stlth   x              - ring of protection from fire
HPRegen 0.28/turn    c - ring of flight
MPRegen 0.51/turn

%: no passive effects
@: on fire, flying, glowing
A: sickness immunity, AC +5, negative energy resistance 1, electricity
resistance, torment resistance 1, petrification resistance
a: Renounce Religion, Heroism


You were on level 7 of the Dungeon.
You worshipped Okawaru.
Okawaru was aware of your devotion.
You visited 1 branch of the dungeon, and saw 7 of its levels.

You collected 358 gold pieces.
You spent 325 gold pieces at shops.

Inventory:

Hand Weapons
 a - a +0 flail (weapon)
Armour
 b - a +0 scale mail (worn)
 e - a +2 buckler (worn)
Jewellery
 c - a ring of flight (right hand)
 j - an amulet of magic regeneration (around neck)
 k - a +6 ring of intelligence
 q - a ring of magical power
 x - a ring of protection from fire (left hand)
Wands
 i - a wand of warping (7)
Scrolls
 m - a scroll of revelation {unknown}
 o - a scroll of teleportation {unknown}
 r - 3 scrolls of fear
 w - a scroll of poison {unknown}
Potions
 d - 2 potions of might
 f - 5 potions of curing
 g - a potion of heal wounds
 h - a potion of mutation
 l - a potion of haste {unknown}
 n - a potion of invisibility {unknown}
 p - 4 potions of lignification
 s - a potion of resistance {unknown}
 t - 2 potions of brilliance {unknown}
 u - 3 potions of degeneration {unknown}
 v - a potion of attraction {unknown}


   Skills:
 * Level 5.1 Fighting
 * Level 6.7 Maces & Flails
 * Level 5.5 Armour
 * Level 2.3 Dodging
 * Level 5.0 Shields


You had 7 spell levels left.
You didn't know any spells.
Your spell library was empty.

Dungeon Overview and Level Annotations

Branches:
Dungeon (7/15)             Temple (0/1) D:5

Altars:
Okawaru
Ru
Zin

Shops:
D:6 =


Innate Abilities, Weirdness & Mutations

You are immune to sickness and miasma.
Your stone body is resilient. (AC +5)
You are immune to poison.
You resist negative energy. (rN+)
You are resistant to electric shocks. (rElec)
You are resistant to unholy torment.
You are immune to petrification.


Message History

The gnoll hits you but does no damage.
The gnoll sergeant hits you from afar with a +8 spear.
You block the orc priest's attack.
You hit the orc priest but do no damage.
The orc priest is heavily wounded.
The liquid fire burns you! The orc wizard barely misses you.
You block the gnoll's attack.
The orc priest hits you but does no damage.
The gnoll closely misses you. The gnoll hits you with a +0 club.
The gnoll sergeant hits you from afar with a +8 spear.
You fail to use your ability.
The liquid fire burns you! You block the gnoll's attack.
You block the orc wizard's attack. The gnoll barely misses you.
The gnoll sergeant barely misses you. The orc priest misses you.
The gnoll closely misses you.
You barely miss the orc priest.
The orc priest is heavily wounded.
The liquid fire burns you! You block the orc wizard's attack.
The gnoll hits you but does no damage. x2
The orc priest hits you but does no damage.
The gnoll sergeant hits you from afar with a +8 spear!
* * * LOW HITPOINT WARNING * * *
The gnoll hits you but does no damage.
You hit the orc priest but do no damage.
The orc priest is heavily wounded.
The liquid fire burns you!
* * * LOW HITPOINT WARNING * * *
The orc wizard barely misses you. The gnoll hits you but does no damage.
The gnoll hits you with a +0 club.
* * * LOW HITPOINT WARNING * * *
The gnoll hits you from afar with a +0 spear.
* * * LOW HITPOINT WARNING * * *
The orc priest calls down the wrath of Beogh upon you.
Pain shoots through your body!
* * * LOW HITPOINT WARNING * * *
You block the gnoll sergeant's attack.
You hit the orc priest but do no damage.
The orc priest is heavily wounded.
The liquid fire burns you!
You die...

#.#.. #....
....## #...#
####...####
....!.....
#....### .#
#..)gg.##...##
#.<.<#@g.....#
#..)##ooo..#.#
#..g.gB......#
#....#....##.#
#?.........# .
#..........#
#...........
#####(.......
.....


You could see a gnoll sergeant, a bombardier beetle, an orc priest, an orc
wizard, 3 gnolls and an orc.

Vanquished Creatures
  A steam dragon (D:6)
  A sky beast (D:6)
  A centaur (D:6)
  An ogre (D:5)
  A phantom (D:5)
  3 scorpions
  A howler monkey (D:5)
  A jelly (D:6)
  2 bombardier beetles (D:5)
  A hound (D:5)
  Jessica (D:2)
  A sleepcap (D:5)
  4 iguanas
  An orc wizard (D:5)
  6 adders
  A gnoll (D:7)
  A shadow imp (D:6)
  A dart slug (D:2)
  3 ribbon worms
  12 orcs
  6 endoplasms
  4 giant cockroaches
  9 hobgoblins
  6 jackals
  6 kobolds
  3 quokkas
  5 ball pythons
  5 bats
  A frilled lizard (D:1)
  7 goblins
  5 rats
101 creatures vanquished.

Notes
Turn   | Place    | Note
-------+----------+-------------------------------------------
     0 | D:1      | Doorstop00 the Gargoyle Fighter began the quest for the
                  | Orb.
     0 | D:1      | Reached XP level 1. HP: 14/14 MP: 1/1
    85 | D:1      | Reached XP level 2. HP: 13/19 MP: 2/2
   686 | D:2      | Reached XP level 3. HP: 23/23 MP: 3/3
   824 | D:2      | Noticed Jessica
   838 | D:2      | Killed Jessica
   839 | D:2      | Reached skill level 3 in Maces & Flails
   839 | D:2      | Reached XP level 4. HP: 29/29 MP: 4/4
  1597 | D:3      | Reached skill level 1 in Dodging
  1597 | D:3      | Reached XP level 5. HP: 29/33 MP: 5/5
  1938 | D:3      | Reached skill level 4 in Maces & Flails
  2335 | D:3      | Found an iron altar of Okawaru.
  2346 | D:3      | Became a worshipper of Warmaster Okawaru
  2372 | D:3      | Found a sacrificial altar of Ru.
  2644 | D:4      | HP: 1/33 [iguana (5)]
  2996 | D:4      | Reached XP level 6. HP: 30/38 MP: 6/6
  3546 | D:5      | Entered Level 5 of the Dungeon
  3706 | D:5      | Reached skill level 5 in Maces & Flails
  3722 | D:5      | Reached XP level 7. HP: 15/44 MP: 7/7
  4183 | D:5      | Found a staircase to the Ecumenical Temple.
  4297 | D:5      | Reached * piety under Okawaru
  4537 | D:5      | Found a glowing silver altar of Zin.
  4825 | D:6      | Reached skill level 6 in Maces & Flails
  4825 | D:6      | Reached skill level 5 in Armour
  4839 | D:6      | Reached XP level 8. HP: 26/48 MP: 8/8
  5082 | D:6      | Reached skill level 5 in Fighting
  5196 | D:6      | Found Daobexiv's Jewellery Emporium.
  5199 | D:6      | Bought a ring of protection from fire for 325 gold pieces
  5232 | D:6      | Reached skill level 5 in Shields
  5315 | D:7      | HP: 2/49 [orc priest/nerve-wracking pain (6)]
  5316 | D:7      | Incinerated by a bombardier beetle

Illustrated notes

Levels and vault maps discovered:
D:1:      nzn_arrival_crosshair, layout_rooms, minmay_tetromino_t2
D:2:      layout_loops_ring, reono_crystal_passage,
          minmay_misc_feat_secret_circle, uniq_jessica
D:3:      minmay_wonky_spiral, layout_basic, mainiacjoe_overflow_two_lobes
D:4:      layout_loops_corners, nicolae_houndstooth_variations
D:5:      layout_gridville, zin_statuary, minmay_temple_entry_stoned_glass,
          minmay_statues_item, minmay_misc_feat_plants
D:6:      layout_gridville, serial_shops, shop
D:7:      layout_basic, serial_shops, shop, gammafunk_ghost_berserking_beasts,
          small_statue_intersection, uniq_pikel

Skill      XL: |  1  2  3  4  5  6  7  8 |
---------------+-------------------------+-----
Maces & Flails | 3 4 5 6 |  6.7
Dodging        | 1 2 |  2.3
Fighting       | 4 5 |  5.1
Armour         | 4 5 |  5.5
Shields        | 4 5 |  5.0

Action                     |  1- 3 |  4- 6 |  7- 9 || total
---------------------------+-------+-------+-------++-------
  Melee: Flail             |   100 |   202 |   108 ||   410
    Use: Scroll            |     2 |     2 |     2 ||     6
 Armour: Scale mail        |    73 |   114 |    95 ||   282
  Dodge: Dodged            |    49 |    80 |    53 ||   182
  Block: Buckler           |    26 |    68 |    38 ||   132

Table legend: (Time is in decaauts)
 A = Elapsed time spent in this place.
 B = Non-inter-level travel time spent in this place.
 C = Inter-level travel time spent in this place.
 D = Time resting spent in this place.
 E = Time spent auto-exploring this place.
 F = Levels seen in this place.
 G = Mean time per level.
                   A        B        C        D        E       F      G
               +--------+--------+--------+--------+--------+-----+--------+
         Total |   5407 |   5333 |     74 |    372 |   3469 |   7 |  772.4 |
       Dungeon |   5407 |   5333 |     74 |    372 |   3469 |   7 |  772.4 |
               +--------+--------+--------+--------+--------+-----+--------+

Top non-repeatable levels by time:
     D:5: 1224 daAuts
     D:4: 1119 daAuts
     D:3: 1004 daAuts
     D:2: 896 daAuts
     D:1: 596 daAuts
     D:6: 547 daAuts
     D:7: 19 daAuts
